 Dungeon Crawl Stone Soup version 0.21.1-1-g345015f (webtiles) character file.

261 Fang the Chopper (level 6, -1/39 HPs)
             Began as a Gargoyle Berserker on May 3, 2018.
             Was a Believer of Trog.
             Killed from afar by an orc wizard (7 damage)
             ... with a puff of flame
             ... on level 3 of the Dungeon.
             The game lasted 00:03:06 (2081 turns).

Fang the Chopper (Gargoyle Berserker)               Turns: 2081, Time: 00:03:06

Health: -1/39      AC:  6    Str: 22    XL:     6   Next: 18%
Magic:  6/6        EV: 12    Int:  8    God:    Trog [**....]
Gold:   112        SH:  0    Dex:  9    Spells: 5/5 levels left

rFire    . . .     SeeInvis .   a - +0 hand axe
rCold    . . .     Gourm    .   (no shield)
rNeg     + . .     Faith    .   b - +0 animal skin
rPois    ∞         Spirit   .   (no helmet)
rElec    +         Reflect  .   (no cloak)
rCorr    .         Harm     .   (no gloves)
MR       .....                  (no boots)
Stlth    ++........             (no amulet)
HPRegen  0.13/turn              (no ring)
MPRegen  0.10/turn              (no ring)

@: no status effects
A: negative energy resistance 1, electricity resistance, unbreathing,
petrification resistance, rot immunity, AC +4
a: Berserk, Trog's Hand, Burn Spellbooks, Renounce Religion


You were on level 3 of the Dungeon.
You worshipped Trog.
Trog was pleased with you.
You were hungry.

You visited 1 branch of the dungeon, and saw 3 of its levels.

You collected 112 gold pieces.

Inventory:

Hand Weapons
 a - a +0 hand axe (weapon)
Missiles
 m - 6 tomahawks (quivered)
Armour
 b - a +0 animal skin (worn)
Jewellery
 n - an uncursed amulet of the gourmand {unknown}
Scrolls
 e - 4 scrolls of identify {unknown}
 g - 3 scrolls of teleportation {unknown}
 j - a scroll of noise {unknown}
 l - 4 scrolls of remove curse {unknown}
Potions
 d - 2 potions of flight {unknown}
 f - a potion of cancellation {unknown}
 h - a potion of invisibility {unknown}
 i - 3 potions of curing {unknown}
 k - a potion of agility {unknown}
Comestibles
 c - 3 rations
 o - 3 chunks of flesh


   Skills:
 + Level 4.4 Fighting
 + Level 4.7 Axes
 + Level 2.3 Armour
 + Level 2.6 Dodging
 + Level 1.5 Stealth


You had 5 spell levels left.
You didn't know any spells.

Dungeon Overview and Level Annotations

Branches:
Dungeon (3/15)

Altars:
Vehumet
Xom


Innate Abilities, Weirdness & Mutations

You are resistant to torment.
Your stone body is resilient. (AC +4)
You are immune to poison.
You resist negative energy. (rN+)
You are resistant to electric shocks. (rElec)
You can survive without breathing.
You are immune to petrification.
You are immune to rotting.


Message History

You are too injured to fight recklessly!
You are too injured to fight recklessly!
You are too injured to fight recklessly!
You hit the orc wizard.
The orc wizard is heavily wounded.
The orc wizard hits you with a dagger.
You closely miss the orc wizard.
The orc wizard is heavily wounded.
The orc wizard casts a spell at you. The puff of flame hits you!
* * * LOW HITPOINT WARNING * * *
You completely miss the orc wizard.
The orc wizard is heavily wounded.
You are feeling hungry.
The orc wizard closely misses you.
You closely miss the orc wizard.
The orc wizard is heavily wounded.
The orc wizard casts a spell at you. The puff of flame hits you!
You die...

#######..######
#...... #.##
#...... #.#
#...... #$ #.#
#######
#..####.#
#....)..####
##.###[....# .
##.##.# # #@#
.# #o# #g# #.#
..# ..# #.. ##.


You could see an orc wizard and a hobgoblin.

Vanquished Creatures
  A sky beast (D:3)
  Jessica (D:2)
  Terence (D:2)
  The ghost of ImagineWagons the Skirmisher, a weakling MiFi (D:3)
  A hound skeleton (D:2)
  2 adders (D:3)
  An ooze (D:2)
  A worm (D:2)
  2 dart slugs (D:1)
  2 leopard geckos (D:1)
  An orc (D:3)
  10 goblins
  10 hobgoblins
  3 jackals (D:2)
  2 bats
  6 frilled lizards
  3 kobolds
  12 rats
  A bush (D:1)
61 creatures vanquished.

Vanquished Creatures (others)
  A dart slug (D:2)
  A ball python (D:2)
2 creatures vanquished.

Grand Total: 63 creatures vanquished

Notes
Turn   | Place    | Note
-------+----------+-------------------------------------------
     0 | D:1      | Fang the Gargoyle Berserker began the quest for the Orb.
     0 | D:1      | Reached XP level 1. HP: 14/14 MP: 1/1
    37 | D:1      | Reached XP level 2. HP: 17/19 MP: 2/2
   247 | D:1      | Reached XP level 3. HP: 21/24 MP: 3/3
   445 | D:1      | Reached ** piety under Trog
   828 | D:2      | Found a shimmering altar of Xom.
   950 | D:2      | Found a radiant altar of Vehumet.
  1031 | D:2      | Reached XP level 4. HP: 26/29 MP: 4/4
  1128 | D:2      | Noticed Jessica
  1142 | D:2      | Killed Jessica
  1315 | D:2      | Noticed Terence
  1337 | D:2      | Killed Terence
  1337 | D:2      | Reached XP level 5. HP: 15/33 MP: 5/5
  1678 | D:2      | Reached skill level 1 in Stealth
  1718 | D:3      | Noticed a sky beast
  1727 | D:3      | Killed a sky beast
  1728 | D:3      | Reached XP level 6. HP: 39/39 MP: 6/6
  1768 | D:3      | Noticed ImagineWagons's ghost (weakling MiFi)
  1928 | D:3      | Killed ImagineWagons's ghost
  2081 | D:3      | Killed from afar by an orc wizard

Skill      XL: |  1  2  3  4  5 |
---------------+----------------+-----
Axes           | 3 4 |  4.7
Dodging        | 2 |  2.6
Fighting       | 4 |  4.4
Stealth        | 1 |  1.5
Armour         | |  2.3

Action                   |  1- 3 |  4- 6 || total
-------------------------+-------+-------++-------
Melee: Hand axe          |   218 |   103 ||   321
Invok: Berserk           |     1 |     3 ||     4
       Burn Spellbooks   |       |     1 ||     1
  Eat: Chunk             |     1 |     3 ||     4
       Ration            |       |     1 ||     1
Armor: Animal skin       |    31 |    22 ||    53
Dodge: Dodged            |    63 |    57 ||   120
